 Dungeon Sprint DCSS version 0.19-a0-1057-g15bb84d (webtiles) character file.

51 Kidiri the Sneak (level 3, -1/18 HPs)
             Began as a Spriggan Enchanter on Aug 2, 2016.
             Was an Initiate of Okawaru.
             Slain by a sky beast (5 damage)
             ... in the Dungeon (Sprint VII: "The Pits").
             The game lasted 00:01:33 (313 turns).

Kidiri the Sneak (Spriggan Enchanter)                Turns: 313, Time: 00:01:33

Health: -1/18      AC:  3    Str:  4    XL:     3   Next: 57%
Magic:  2/9        EV: 20    Int: 16    God:    Okawaru [......]
Gold:   0          SH:  0    Dex: 17    Spells: 4 memorised, 1 level left

rFire  . . .     SeeInvis +     k - +2 dagger
rCold  . . .     Gourm    .     b - +1 robe
rNeg   . . .     Faith    .     (shield restricted)
rPois  .         Spirit   .     (helmet restricted)
rElec  .         Dismiss  .     (no cloak)
rCorr  .         Reflect  .     (gloves unavailable)
SustAt .         Harm     .     (boots unavailable)
MR     .....     NoTele   +     (no amulet)
Stlth  ++++......               (no ring)
                                (no ring)

@: very quick, not resistant to hostile enchantments, stealthy
A: unfitting armour, see invisible, herbivore 3, speed 3, slow metabolism 2
a: Renounce Religion


You were in the Dungeon.
You worshipped Okawaru.
Okawaru was noncommittal.
You were not hungry.

You visited 1 branch

Inventory:

Hand Weapons
 k - a +2 dagger (weapon)
Armour
 b - a +1 robe (worn)
Scrolls
 j - a scroll of blinking
 m - 3 scrolls of remove curse
 n - 5 scrolls of amnesia
 o - a scroll of summoning
Potions
 e - a potion of curing
 f - a potion of heal wounds
 g - a potion of haste
 h - 4 potions of magic
 i - 3 potions of berserk rage
 l - 2 potions of invisibility
Books
 c - a book of Maledictions

   Spells                             Type                      Level
   a - Corona                         Hexes                        1
   b - Ensorcelled Hibernation        Hexes/Ice                    2
   c - Confuse                        Hexes                        3
   d - Tukima's Dance                 Hexes                        3
   e - Dazzling Spray                 Conjuration/Hexes            3
Comestibles
 a - 40 fruits
 d - 8 bread rations


   Skills:
 + Level 1.3 Fighting
 * Level 3.4 Short Blades
 + Level 1.2 Armour
 * Level 5.1 Dodging
 * Level 6.0 Stealth
 * Level 4.2 Spellcasting
 + Level 4.1 Hexes
 + Level 0.8 Ice Magic
 + Level 1.5 Invocations


You had one spell level left.
You knew the following spells:

 Your Spells              Type           Power        Failure   Level  Hunger
a - Corona                Hex            ###....      3%          1    None
b - Ensorcelled Hibernat  Hex/Ice        ##....       10%         2    ##.....
c - Confuse               Hex            ###.....     12%         3    ###....
d - Tukima's Dance        Hex            ###.....     12%         3    ###....


Dungeon Overview and Level Annotations

Branches:
Dungeon (1/1)

Altars:
Ashenzari
Cheibriados
Dithmenos
Elyvilon
Fedhas
Gozag
Kikubaaqudgha
Makhleb
Nemelex Xobeh
Okawaru
Pakellas
Qazlal
Ru
Sif Muna
Trog
Vehumet
Xom
Yredelemnul
Zin
The Shining One
Beogh
Jiyva
Lugonu


Innate Abilities, Weirdness & Mutations

You are tiny and cannot use many weapons and most armour.
You have supernaturally acute eyesight. (SInv)
You are a herbivore.
You cover ground extremely quickly.
You need consume almost no food.


Message History

The sky beast is lightly wounded.
The sky beast closely misses you.
You hit the sky beast.
The sky beast is lightly wounded.
The sky beast barely misses you.
You hit the sky beast.
The sky beast is lightly wounded.
The sky beast misses you.
You hit the sky beast.
The sky beast is moderately wounded.
The sky beast closely misses you.
You barely miss the sky beast.
The sky beast is moderately wounded.
The sky beast hits you. The sky beast shocks you.
You hit the sky beast.
The sky beast is moderately wounded.
The sky beast hits you.
* * * LOW HITPOINT WARNING * * *
The sky beast shocks you.
You die...

#+#####'#####......#..
#..)..# #.........
#.....# ####+#####
###'### #.......#
#.....# #.......#
#.....# #.......#
####'##+###...<...#
#†.Y.....##.......#
#..@.....##.......#
###########.......#
#########


You could see a sky beast (invisible).

Vanquished Creatures
  A worker ant (D)
  An adder (D)
  A gnoll (D)
  An adder zombie (D)
  3 bats (D)
  A giant gecko skeleton (D)
8 creatures vanquished.

Notes
Turn   | Place    | Note
-------+----------+-------------------------------------------
     0 | D        | Kidiri the Spriggan Enchanter began the quest for the Orb.
     0 | D        | Reached XP level 1. HP: 9/9 MP: 5/5
    49 | D        | Found a sacrificial altar of Ru.
    49 | D        | Found a basalt altar of Yredelemnul.
    49 | D        | Found a shadowy altar of Dithmenos.
    49 | D        | Found a deep blue altar of Sif Muna.
    49 | D        | Found a burning altar of Makhleb.
    49 | D        | Found a shimmering altar of Xom.
    49 | D        | Found an ancient bone altar of Kikubaaqudgha.
    49 | D        | Found a sparkling altar of Nemelex Xobeh.
    50 | D        | Found a glowing golden altar of the Shining One.
    50 | D        | Found a bloodstained altar of Trog.
    50 | D        | Found a shattered altar of Ashenzari.
    50 | D        | Found a white marble altar of Elyvilon.
    50 | D        | Found a snail-covered altar of Cheibriados.
    50 | D        | Found a blossoming altar of Fedhas.
    50 | D        | Found a radiant altar of Vehumet.
    50 | D        | Found a glowing silver altar of Zin.
    50 | D        | Found a corrupted altar of Lugonu.
    50 | D        | Found a viscous altar of Jiyva.
    50 | D        | Found a roughly hewn altar of Beogh.
    50 | D        | Found an iron altar of Okawaru.
    51 | D        | Found an oddly glowing altar of Pakellas.
    56 | D        | Found a stormy altar of Qazlal.
    57 | D        | Found an opulent altar of Gozag.
    59 | D        | Became a worshipper of Warmaster Okawaru
    76 | D        | Noticed a worker ant
    78 | D        | Reached skill level 5 in Stealth
    78 | D        | Reached XP level 2. HP: 14/14 MP: 7/7
    90 | D        | Learned a level 2 spell: Ensorcelled Hibernation
   162 | D        | Reached skill level 1 in Fighting
   162 | D        | Reached skill level 1 in Armour
   162 | D        | Reached skill level 1 in Invocations
   162 | D        | Reached XP level 3. HP: 18/18 MP: 1/9
   238 | D        | Learned a level 3 spell: Confuse
   242 | D        | Learned a level 3 spell: Tukima's Dance
   288 | D        | Noticed a sky beast
   295 | D        | Reached skill level 5 in Dodging
   295 | D        | Reached skill level 6 in Stealth
   313 | D        | Slain by a sky beast

Vault maps used:
D:        pitsprint

Skill      XL: |  1  2  3 |
---------------+----------+-----
Short Blades   | 2 3 |  3.4
Dodging        | 4 5 |  5.1
Stealth        | 5 6 |  6.0
Spellcasting   | 3 4 |  4.2
Fighting       | 1 |  1.3
Armour         | 1 |  1.2
Hexes          | 4 |  4.1
Invocations    | 1 |  1.5
Ice Magic      | |  0.8

Action                   || total
-------------------------++-------
Melee: Dagger            ||    30
 Cast: Ensorcelled Hiber ||     8
       Corona            ||     1
 Stab: Sleeping          ||     7
Armor: Robe              ||     4
Dodge: Dodged            ||    27
